 Dungeon Crawl Stone Soup version 0.32-a0-411-g744942f433 (webtiles) character file.

Game seed: 9929675026362066024

48528 lunkers the Basher (level 14, 0/113 HPs)
             Began as a Coglin Wanderer on Feb 21, 2024.
             Was an Initiate of Gozag.
             Slain by a death yak (4 damage)
             ... while petrified by a catoblepas
             ... on level 5 of the Lair of Beasts.
             The game lasted 00:30:31 (17456 turns).

lunkers the Basher (Coglin Wanderer)               Turns: 17456, Time: 00:30:31

Health: 0/113      AC: 17    Str: 13    XL:     14   Next: 46%
Magic:  0/19       EV:  2    Int: 13    God:    Gozag
Gold:   3023       SH:  0    Dex: 17    Spells: 20/20 levels left

rFire   + . .        a - +4 mace {Charoen}
rCold   + . .        k - +1 hammer (drain) {Rabni}
rNeg    + + +        w - +4 ring mail
rPois   ∞            x - +1 hat {Will+}
rElec   +            F - +1 cloak {rPois}
rCorr   +            (no gloves)
SInv    .            u - +1 pair of boots {Stlth+}
Will    ++...        N - amulet of guardian spirit
Stlth   ++           n - ring of flight
HPRegen 0.38/turn    L - +4 ring of slaying
MPRegen 0.16/turn

%: guardian spirit
@: mighty, resistant, petrified, flying
A: off-hand wielding, slow wielding, warmup strikes, legs shutdown
a: Renounce Religion, Potion Petition, Call Merchant, Bribe Branch


You were on level 5 of the Lair of Beasts.
You worshipped Gozag.
Gozag was most pleased with you.
You visited 3 branches of the dungeon, and saw 16 of its levels.
You also visited: Ice Cave.

You collected 4704 gold pieces.
You spent 1329 gold pieces at shops.
You paid 352 gold pieces to Gozag.

Inventory:

Hand Weapons
 a - a +4 mace (weapon) {Charoen}
 k - a +1 hammer of draining (offhand) {Rabni}
 l - a +1 hammer of holy wrath
 s - a +2 hand cannon of freezing
 R - a -2 demon whip of venom
Missiles
 E - 2 throwing nets
Armour
 q - a +1 cloak of willpower
 u - a +1 pair of boots of stealth (worn)
 w - a +4 ring mail (worn)
 x - a +1 hat of willpower (worn)
 F - a +1 cloak of poison resistance (worn)
 O - +0 ice dragon scales
Jewellery
 n - a ring of flight (left grasper)
 v - a ring of protection from cold
 y - a ring of protection from cold
 L - a +4 ring of slaying (right grasper)
 M - a ring of wizardry
 N - an amulet of guardian spirit (around neck)
Wands
 c - a wand of iceblast (3)
 h - a wand of flame (12)
 H - a wand of digging (10)
 K - a wand of polymorph (2)
Scrolls
 d - 2 scrolls of butterflies
 f - 3 scrolls of revelation
 g - a scroll of torment
 o - 2 scrolls of vulnerability
 z - a scroll of fog
 C - a scroll of poison
 D - a scroll of enchant weapon
 I - 2 scrolls of identify
 P - 2 scrolls of immolation
Potions
 b - 2 potions of haste
 e - a potion of attraction
 i - 2 potions of magic
 j - 4 potions of lignification
 m - 7 potions of curing
 p - 7 potions of brilliance
 r - a potion of cancellation
 t - a potion of enlightenment {unknown}
 A - 3 potions of invisibility
 G - a potion of degeneration {unknown}
Miscellaneous
 B - a phantom mirror


   Skills:
 - Level 11.2 Fighting
 - Level 14.0 Maces & Flails
 - Level 10.0 Armour
 + Level 9.4 Dodging
 - Level 1.0 Stealth
 - Level 3.6 Spellcasting
 + Level 10.5 Evocations


You had 20 spell levels left.
You didn't know any spells.
Your spell library contained the following spells:

 Spells                   Type           Power      Damage    Failure   Level
 Sandblast                Erth           4%         2d4       38%         1
 Shock                    Conj/Air       8%         1d3       38%         1
 Summon Small Mammal      Summ           8%         N/A       38%         1
 Blink                    Tloc           4%         N/A       52%         2
 Lesser Beckoning         Tloc           4%         N/A       52%         2
 Momentum Strike          Conj/Tloc      4%         3d8       52%         2
 Scorch                   Fire           4%         2d5       52%         2
 Static Discharge         Conj/Air       4%         3-4/arc   52%         2
 Call Canine Familiar     Summ           2%         N/A       77%         3
 Fugue of the Fallen      Necr           2%         N/A       77%         3
 Gell's Gravitas          Tloc           2%         N/A       77%         3
 Hailstorm                Conj/Ice       2%         3d5       77%         3
 Ozocubu's Armour         Ice            2%         N/A       77%         3
 Passwall                 Erth           2%         N/A       77%         3
 Summon Ice Beast         Ice/Summ       2%         N/A       77%         3
 Swiftness                Air            2%         N/A       77%         3
 Teleport Other           Tloc           2%         N/A       77%         3
 Volatile Blastmotes      Fire/Tloc      4%         2d10      77%         3
 Airstrike                Air            1%         2d(1-17)  99%         4
 Cause Fear               Hex            1%         N/A       99%         4
 Manifold Assault         Tloc           2%         N/A       99%         4
 Summon Blazeheart Golem  Fire/Summ      2%         N/A       99%         4
 Summon Lightning Spire   Summ/Air       2%         N/A       99%         4
 Fireball                 Conj/Fire      1%         3d3       100%        5
 Iskenderun's Battlesphe  Conj           2%         2d6       100%        5
 Summon Mana Viper        Hex/Summ       2%         N/A       100%        5
 Bombard                  Conj/Erth      1%         9d1       100%        6
 Sculpt Simulacrum        Ice/Alch       1%         N/A       100%        6
 Monstrous Menagerie      Summ           1%         N/A       100%        7
 Spellforged Servitor     Conj/Summ      1%         N/A       100%        7
 Dragon's Call            Summ           1%         N/A       100%        9


Dungeon Overview and Level Annotations

Branches:
Dungeon (10/15)            Temple (1/1) D:4            Lair (5/5) D:10
  Swamp (0/4) Lair:3       Spider (0/4) Lair:2        Slime (0/5) Lair:4
  IceCv (visited)
    Orc: D:9-12

Altars:
Ashenzari
Cheibriados
Dithmenos
Elyvilon
Fedhas
Gozag
Hepliaklqana
Kikubaaqudgha
Makhleb
Nemelex Xobeh
Okawaru
Qazlal
Ru
Sif Muna
Trog
Uskayaw
Vehumet
Wu Jian
Xom
Yredelemnul
Zin
The Shining One
Jiyva

Shops:
D:1 [[*[=   D:3 *

Annotations:
Lair:2 1 runed translucent door, sleeves's ghost, journeyman MDFE


Innate Abilities, Weirdness & Mutations

You can wield a second weapon in your off-hand.
It takes a long time for you to wield or remove held weapons.
Your first few attacks do less damage.
Attacking and casting redirects power from your legs.


Message History

You hear an angry growl. x2
Your limbs are stiffening.
Unknown command.
Unknown command.
Unknown command.
Unknown command.
Unknown command.
Aiming: Iceblast
Press: ? - help, Shift-Dir - straight line, p - death yak The mass of ice explodes!
The iceblast engulfs the catoblepas!
The catoblepas is almost dead.
The iceblast engulfs the death yak!!
The death yak is severely wounded.
The iceblast engulfs the death yak!!
The death yak is moderately wounded.
You are engulfed in calcifying dust.
Your limbs have turned to stone.
You hear a trumpeting! x2
The death yak is engulfed in calcifying dust.
The death yak is moving more slowly.
The catoblepas gores you!
* * * LOW MAGIC WARNING * * *
* * * LOW HITPOINT WARNING * * *
You hear a trumpeting!
You have turned to stone.
You are engulfed in calcifying dust.
The catoblepas breathes a plume of calcifying dust at you.
The blast of calcifying dust hits you.
* * * LOW HITPOINT WARNING * * *
You are engulfed in calcifying dust.
You are no longer unable to travel.
The catoblepas gores you!!
* * * LOW MAGIC WARNING * * *
* * * LOW HITPOINT WARNING * * *
The death yak gores you!
* * * LOW MAGIC WARNING * * *
* * * LOW HITPOINT WARNING * * *
The death yak barely misses you. The catoblepas completely misses you.
The death yak stops moving altogether!
The death yak gores you!
* * * LOW MAGIC WARNING * * *
You die...
Your body crumbles into a pile of gold.

###..÷..
##...ß..
#.ß.... Y
##..÷..## ..
#/.ß..ß.## ..Y
#[(...÷ß.#..÷.
#)YY$.....ß.#
#@YYß÷.ß...#
##Y?.....##
###$##### ###


You could see 4 death yaks and a catoblepas.

Vanquished Creatures
  A frost giant (IceCv)
  Fannar (Lair:3)
  A catoblepas (Lair:3)
  4 hydras
  10 death yaks
  4 two-headed ogres
  A deep troll shaman (Lair:5)
  Amaemon (Lair:2)
  A lindwurm (Lair:5)
  A wolf spider (Lair:2)
  6 elephants
  Maurice (D:8)
  Joseph (D:10)
  A black mamba (Lair:2)
  11 cane toads
  An orange demon (Lair:3)
  A torpor snail (Lair:5)
  5 rime drakes
  Maggie (D:10)
  An unseen horror (D:10)
  A gargoyle (D:10)
  2 ice devils (Lair:1)
  8 komodo dragons
  4 polar bears (IceCv)
  Grinder (D:4)
  3 dream sheep
  A tarantella (Lair:2)
  3 blink frogs (Lair:5)
  A spriggan (Lair:4)
  A wraith (D:10)
  74 yaks
  Sigmund (D:4)
  3 wyverns
  4 basilisks
  Menkaure (D:5)
  4 steam dragons
  A swamp worm (Lair:3)
  An acid dragon (D:10)
  12 water moccasins
  An ice beast (D:6)
  4 orc warriors
  4 black bears
  3 sky beasts
  2 ogres (D:6)
  13 wolves
  2 centaurs
  A phantom (D:7)
  17 bullfrogs
  5 kobold brigands
  2 scorpions
  4 wights (D:8)
  2 howler monkeys (D:9)
  A bombardier beetle (D:6)
  A gnoll bouda (D:5)
  Crazy Yiuf (D:4)
  4 hounds
  2 jellies
  7 orc priests
  6 iguanas
  15 orc wizards
  3 sleepcaps
  Ijyb (D:3)
  3 adders
  13 gnolls (D:5)
  2 river rats (Lair:3)
  2 shadow imps
  A white imp (D:7)
  A ribbon worm (D:2)
  3 dart slugs
  34 orcs
  6 ball pythons
  6 endoplasms
  A giant cockroach (D:1)
  4 goblins
  9 hobgoblins
  10 jackals
  23 kobolds
  A quokka (D:1)
  2 bats (D:1)
  9 frilled lizards
  4 rats (D:1)
415 creatures vanquished.

Vanquished Creatures (others)
  A steam dragon (D:8)
1 creature vanquished.

Grand Total: 416 creatures vanquished

Notes
Turn   | Place    | Note
-------+----------+-------------------------------------------
     0 | D:1      | lunkers the Coglin Wanderer began the quest for the Orb.
     0 | D:1      | lunkers set off with the following items: a +3 mace
                  | {Charoen}, a potion of haste, a +0 robe; and the following
                  | spell memorised: Sandblast; and the following spells
                  | available to memorise: Passwall.
     0 | D:1      | Reached XP level 1. HP: 16/16 MP: 5/5
    19 | D:1      | Reached skill level 2 in Maces & Flails
    87 | D:1      | Reached XP level 2. HP: 22/22 MP: 3/6
   128 | D:1      | Found Adace's Antique Armour Boutique.
   170 | D:1      | Found Xodipuopi's Jewellery Shop.
   289 | D:1      | Reached skill level 3 in Maces & Flails
   290 | D:1      | Reached XP level 3. HP: 27/27 MP: 8/8
   393 | D:1      | Found Sacusios's Armour Shoppe.
   413 | D:1      | Found Urphemmau's Assorted Antiques.
   514 | D:1      | Found Dylenit's Armour Emporium.
   705 | D:2      | Reached skill level 4 in Maces & Flails
   705 | D:2      | Reached XP level 4. HP: 25/33 MP: 9/9
  1156 | D:3      | Reached XP level 5. HP: 38/38 MP: 10/10
  1277 | D:3      | Reached skill level 5 in Maces & Flails
  1294 | D:3      | Reached XP level 6. HP: 16/44 MP: 11/11
  1447 | D:3      | Got the Spellbook of Henotheism
  1466 | D:3      | Noticed Ijyb
  1466 | D:3      | Paralysed by Ijyb for 4 turns
  1474 | D:3      | Paralysed by Ijyb for 5 turns
  1486 | D:3      | Killed Ijyb
  1542 | D:3      | Reached skill level 1 in Evocations
  1737 | D:3      | Reached skill level 6 in Maces & Flails
  1760 | D:3      | Found a stormy altar of Qazlal.
  2009 | D:3      | Found Emih's General Store.
  2519 | D:4      | Noticed Grinder
  2519 | D:4      | Paralysed by Grinder for 4 turns
  2533 | D:4      | Killed Grinder
  2534 | D:4      | Reached XP level 7. HP: 37/50 MP: 12/12
  2767 | D:4      | Found a basalt altar of Yredelemnul.
  2788 | D:4      | Reached skill level 5 in Evocations
  2881 | D:4      | Noticed Sigmund
  2892 | D:4      | Killed Sigmund
  3071 | D:4      | Found a runed translucent door.
  3072 | D:4      | Noticed Crazy Yiuf
  3214 | D:4      | Found a staircase to the Ecumenical Temple.
  3404 | Temple   | Entered the Ecumenical Temple
  3412 | Temple   | Became a worshipper of Gozag Ym Sagoz the Greedy
  3474 | D:4      | Killed Crazy Yiuf
  3475 | D:4      | Reached XP level 8. HP: 47/56 MP: 13/13
  3570 | D:5      | Entered Level 5 of the Dungeon
  3611 | D:5      | Reached skill level 7 in Maces & Flails
  3903 | D:5      | Noticed Menkaure
  3911 | D:5      | Killed Menkaure
  3912 | D:5      | Reached skill level 8 in Maces & Flails
  4921 | D:1      | Bought a scroll labelled SIUBRICRUST for 28 gold pieces
  4943 | D:1      | Bought a pair of glowing boots for 157 gold pieces
  4955 | D:1      | Bought a +1 hat of willpower for 208 gold pieces
  5118 | D:6      | Reached skill level 9 in Maces & Flails
  5326 | D:6      | Reached XP level 9. HP: 60/61 MP: 14/14
  5498 | D:6      | Reached skill level 10 in Maces & Flails
  6435 | D:7      | HP: 1/65 [steam dragon/ball of steam (11)]
  6443 | D:7      | Reached XP level 10. HP: 33/71 MP: 15/15
  6446 | D:7      | Reached skill level 11 in Maces & Flails
  7113 | D:8      | Got the Omnibus of Bringing Forth
  7121 | D:8      | Noticed Maurice
  7125 | D:8      | Maurice stole 2 throwing nets
  7129 | D:8      | Killed Maurice
  7130 | D:8      | Reached skill level 5 in Fighting
  7875 | D:9      | Noticed a two-headed ogre
  7886 | D:9      | Killed a two-headed ogre
  7887 | D:9      | Reached skill level 12 in Maces & Flails
  7887 | D:9      | Reached skill level 5 in Armour
  7974 | D:9      | Reached XP level 11. HP: 58/81 MP: 16/16
  8139 | D:9      | Noticed a two-headed ogre
  8156 | D:9      | Killed a two-headed ogre
  8903 | D:1      | Bought a +4 ring of slaying for 936 gold pieces
  9104 | D:10     | Entered Level 10 of the Dungeon
  9132 | D:10     | Noticed Joseph
  9171 | D:10     | Killed Joseph
  9182 | D:10     | Reached skill level 13 in Maces & Flails
  9297 | D:10     | Noticed a two-headed ogre
  9314 | D:10     | Killed a two-headed ogre
  9404 | D:10     | Noticed a two-headed ogre
  9416 | D:10     | Killed a two-headed ogre
  9544 | D:10     | Noticed Maggie
  9550 | D:10     | Killed Maggie
  9628 | D:10     | Reached XP level 12. HP: 75/91 MP: 17/17
  9788 | D:10     | Found a staircase to the Lair.
 10085 | Lair:1   | Entered Level 1 of the Lair of Beasts
 10474 | Lair:1   | Found a frozen archway.
 10573 | IceCv    | Entered an ice cave
 10577 | IceCv    | Reached skill level 14 in Maces & Flails
 10760 | IceCv    | Reached skill level 10 in Evocations
 10799 | IceCv    | Noticed a death yak
 10809 | IceCv    | Noticed a death yak
 10824 | IceCv    | Killed a death yak
 10834 | IceCv    | Killed a death yak
 11043 | IceCv    | Noticed a frost giant
 11043 | IceCv    | Noticed a death yak
 11068 | IceCv    | Killed a frost giant
 11088 | IceCv    | Killed a death yak
 11302 | IceCv    | Reached XP level 13. HP: 102/102 MP: 18/18
 11507 | Lair:1   | Reached skill level 10 in Fighting
 12420 | Lair:2   | Found a hole to the Spider Nest.
 13020 | Lair:2   | Found a runed translucent door.
 13020 | Lair:2   | Noticed sleeves's ghost (journeyman MDFE)
 13468 | Lair:3   | Noticed Amaemon
 13513 | Lair:2   | Killed Amaemon
 13933 | Lair:3   | Reached skill level 10 in Armour
 14057 | Lair:3   | Reached skill level 1 in Dodging
 14108 | Lair:3   | Noticed Fannar
 14125 | Lair:3   | Killed Fannar
 14871 | Lair:3   | Reached skill level 5 in Dodging
 15186 | Lair:3   | Found a staircase to the Swamp.
 15792 | Lair:4   | Reached XP level 14. HP: 79/113 MP: 11/19
 15975 | Lair:4   | HP: 1/113 [eight-headed hydra (6)]
 16669 | Lair:4   | Found a staircase to the Slime Pits.
 16669 | Lair:4   | Found a viscous altar of Jiyva.
 17083 | Lair:5   | Entered Level 5 of the Lair of Beasts
 17455 | Lair:5   | HP: 3/113 [death yak (5)]
 17456 | Lair:5   | Slain by a death yak

Illustrated notes

Levels and vault maps discovered:
D:1:      mrwooster_arrival_statue, layout_basic, serial_shops, shop, shop,
          nicolae_shop_window_shopping, shop,
          nicolae_shop_competitors_out_of_business
D:2:      layout_basic
D:3:      minmay_spotlight, layout_loops_ring, mainiacjoe_overflow_chevrons,
          serial_shops, shop, uniq_ijyb
D:4:      layout_cave_pods, mainiacjoe_overflow_paths, temple_hall,
          kennysheep_nub, uniq_crazy_yiuf_cottage, uniq_grinder, uniq_sigmund
D:5:      layout_basic, minmay_gold_behind_fungi, uniq_menkaure
D:6:      layout_basic, minmay_misc_feat_encased, hangedman_decor_slide_cut
D:7:      minmay_octagon_keep, layout_basic, grunt_ministairs_6
D:8:      layout_basic, uniq_maurice
D:9:      layout_roguey, corexii_leaking_fountain
D:10:     layout_loops_cross, grunt_lair_entry_orc_guard_hut, uniq_joseph,
          uniq_maggie
Temple:   nicolae_temple_bog_church
Lair:1:   layout_hall_layers, gauntlet_entry_generic,
          portal_ice_cave_demonic_guard, nicolae_quartered_pool_little
Lair:2:   layout_cave_pods, spider_nest_entry_rubble,
          hellmonk_ghost_happy_afterlife, grunt_forest_small_clearing_treed
Lair:3:   layout_regular_city, palyth_hydra_swamp_entry, pond, uniq_amaemon,
          uniq_fannar
Lair:4:   layout_loops_ring, slime_entry_1, chequers_serial_rivers_micro_d,
          grunt_forest_large_clearing_hut, lemuel_fruit_tree
Lair:5:   grunt_lair_end_beastmaster, layout_cave_pods,
          infiniplex_staircase_pool_2

Skill      XL: |  1  2  3  4  5  6  7  8  9 10 11 12 13 14 |
---------------+-------------------------------------------+-----
Maces & Flails | 2 3 4 5 6 9 10 12 13 14 | 14.0
Evocations     | 4 6 8 10 | 10.5
Armour         | 3 5 6 8 10 | 10.0
Fighting       | 4 6 7 9 11 | 11.2
Dodging        | 6 9 |  9.4
Stealth        | |  1.0
Spellcasting   | |  3.6

Action                     |  1- 3 |  4- 6 |  7- 9 | 10-12 | 13-15 || total
---------------------------+-------+-------+-------+-------+-------++-------
  Melee: Mace              |    37 |   109 |   409 |   958 |   922 ||  2435
         Whip              |    33 |    97 |    32 |       |       ||   162
   Cast: Sandblast         |     5 |       |       |       |       ||     5
 Invoke: Potion Petition   |       |       |       |       |     1 ||     1
  Evoke: Wand              |       |     1 |     1 |    28 |    15 ||    45
    Use: Scroll            |       |     9 |     5 |     1 |    10 ||    25
         Potion            |       |       |     2 |       |     4 ||     6
   Stab: Paralysed         |       |     8 |       |    57 |     3 ||    68
         Sleeping          |       |       |     5 |     3 |     3 ||    11
         Distracted        |       |       |     1 |     3 |     1 ||     5
 Armour: Robe              |    18 |       |       |       |       ||    18
         Ring mail         |    12 |    77 |   184 |   291 |   369 ||   933
  Dodge: Dodged            |    28 |    43 |    90 |   162 |   246 ||   569

Table legend: (Time is in decaauts)
 A = Elapsed time spent in this place.
 B = Non-inter-level travel time spent in this place.
 C = Inter-level travel time spent in this place.
 D = Time resting spent in this place.
 E = Time spent auto-exploring this place.
 F = Levels seen in this place.
 G = Mean time per level.
                   A        B        C        D        E       F      G
               +--------+--------+--------+--------+--------+-----+--------+
         Total |  17180 |  16023 |   1157 |    989 |  11987 |  17 | 1010.6 |
       Dungeon |  10166 |   9173 |    993 |    231 |   7232 |  10 | 1016.6 |
        Temple |     16 |      1 |     15 |      0 |      0 |   1 |   16.0 |
          Lair |   6174 |   6026 |    148 |    295 |   4687 |   5 | 1234.8 |
      Ice Cave |    823 |    823 |      0 |    463 |     68 |   1 |  823.0 |
               +--------+--------+--------+--------+--------+-----+--------+

Top non-repeatable levels by time:
  Lair:3: 1829 daAuts
  Lair:2: 1551 daAuts
     D:4: 1416 daAuts
  Lair:4: 1365 daAuts
     D:5: 1301 daAuts
     D:3: 1153 daAuts
    D:10: 1145 daAuts
  Lair:1: 1062 daAuts
     D:7: 1040 daAuts
     D:8: 973 daAuts
     D:6: 927 daAuts
     D:9: 880 daAuts
   IceCv: 823 daAuts
     D:1: 759 daAuts
     D:2: 569 daAuts
